p, chaotic male elven Wizard ------- ----------- ##################0 |.....| |.........| #--------------- ----------- |.....| |.........| #|.............| |.........| |.....| |..........#####|..0..........| |.........-# |......# ---.------- |..............# .r@d.....>|# -----.-# # -.-.-----------# ----.------# # # # ## # # ## # # # ### #### # # # # # # ### # ### # # # ---.- --|-|----------- # # # # # |...| |.........`....-########## ## # # ----- |<..| #-..............| # --.---------######### # ### |.??| |...-######|..............| ##-..........| # --.----|- # |.+?| |...| |..............| |..........| ### |.......| ##-.??| ----- ---------------- |..........| # |.......-# |.??| |..........| ###|.......| ----- ------------ #-.......| --------- p the Conjurer Experience level: 5 Strength: 4 Dexterity: 12 Constitution: 16 Intelligence: 20 Wisdom: 11 Charisma: 9 Health: 0(39) Energy: 68(68) AC: 9 Gold: 246 Moves: 2253 Your Inventory: Coins $ - 246 gold pieces Weapons a - a blessed +1 quarterstaff (weapon in hands) n - an [uncursed +0] sling u - an [uncursed +0] morning star Armor b - an uncursed +0 cloak of magic resistance (being worn) y - an [uncursed +0] hooded cloak [dwarvish] Comestibles E - 2 [uncursed] oranges Scrolls i - an uncursed scroll of magic mapping j - 2 uncursed scrolls of confuse monster v - an [uncursed] scroll labeled READ ME [of light] H - an [uncursed] scroll labeled ANDOVA BEGARIN [of identify] Spellbooks k - a blessed spellbook of force bolt l - an uncursed spellbook of drain life r - an [uncursed] spellbook of detect food t - an [uncursed] spellbook of turn undead Potions f - an uncursed potion of see invisible g - an uncursed potion of blindness h - an uncursed potion of oil Rings d - an uncursed +1 ring of gain wisdom (on left hand) e - an uncursed ring of invisibility (on right hand) Wands c - an uncursed wand of fire (0:4) Tools m - an uncursed wooden flute Gems o - an [uncursed] black gem [obsidian] G - an [uncursed] blue gem [aquamarine] Spells known in the end: Name Level Category Fail Memory a - force bolt 1 attack 0% [||||||||] b - drain life 2 attack 0% [||||||||] c - detect food 2 divination 39% [||||||||] d - turn undead 6 clerical 100% [||||||||] Your skills at the end: Fighting Skills Weapon Skills quarterstaff [Basic / Expert] Spellcasting Skills attack spells [Basic / Expert] enchantment spells [Basic / Skilled] Final Attributes: You were piously aligned. Hunger level was 208. Your alignment was 21 / 21. Monster difficulty range was 0 - 4. Level difficulty was 3. You were immune to sleep. You were magic-protected. You saw invisible. You had infravision. You were invisible to others. You were lucky (1). You are dead. Vanquished creatures: a giant ant a floating eye 2 giant bats 2 acid blobs a gas spore a hobbit 2 manes 2 giant rats a cave spider a yellow mold 2 geckos a fox a goblin 2 sewer rats 6 grid bugs 6 newts 32 creatures vanquished. Voluntary challenges: You were an atheist. You used a wielded weapon 39 times. You read items or engraved 2 times. You put on armor 1 time. You never genocided any monsters. You never polymorphed an object. You never changed form. You used no wishes. You never wrote Elbereth's name. You never encountered a bones level. You never used any Sokoban shortcuts. Dungeon overview: The Dungeons of Doom: levels 1 to 3 Level 1 a long staircase Level 2 a general store Level 3 <- You were here a scroll shop History has recorded: On T:1 you entered the Dungeons of Doom to retrieve the Amulet of Yendor! On T:605 you reached level 2 of The Dungeons of Doom. On T:856 you advanced to experience level 2. On T:934 you advanced to experience level 3. On T:1195 you advanced to experience level 4. On T:1508 you reached level 3 of The Dungeons of Doom. On T:2110 you advanced to experience level 5. Latest messages: The grid bug bites! You miss the grid bug. The grid bug bites! You kill the grid bug! [HP+1=10] The rock mole bites! [HP-2=8] You miss the rock mole. [HP+1=9] You miss the rock mole. (3x) The rock mole bites! [HP-4=5] You miss the rock mole. You hit the rock mole. (2x) The coyote bites! [HP-2=3] Gee! All of a sudden, you can see right through yourself. You wear an uncursed ring of invisibility (on right hand). The rock mole bites! The coyote bites! You die... Final status: Goodbye p the Wizard... You died in The Dungeons of Doom on dungeon level 3 with 1046 points, and 246 pieces of gold, after 2253 moves. You were level 5 with a maximum of 39 hit points when you died.